 Dungeon Crawl Stone Soup version 0.19-a0-49-gb8736b8 (webtiles) character file.

7 M4edhros the Grave Robber (level 2, -3/17 HPs)
             Began as an Octopode Necromancer on May 6, 2016.
             Slain by Terence
             ... wielding a +0 flail
              (6 damage)
             ... on level 3 of the Dungeon.
             The game lasted 00:01:07 (163 turns).

M4edhros the Grave Robber (Octopode Necromancer)     Turns: 163, Time: 00:01:08

Health: -3/17      AC:  1    Str:  6 (7)  XL:     2   Next: 0%
Magic:  5/5        EV: 12    Int: 15 (17) God:
Gold:   14         SH:  0    Dex: 10 (12) Spells: 1 memorised, 4 levels left

rFire  . . .     SeeInvis .       - Unarmed
rCold  . . .     Gourm    .     (no shield)
rNeg   . . .     Faith    .     (helmet restricted)
rPois  .         Spirit   .     (no amulet)
rElec  .         Dismiss  .     (no ring)
rCorr  .         Reflect  .     (no ring)
SustAt .         Harm     .     (no ring)
MR     .....                    (no ring)
Stlth  +++.......               (no ring)
                                (no ring)
                                (no ring)
                                (no ring)

@: not resistant to hostile enchantments, fairly stealthy
A: almost no armour, amphibious, 8 rings, constrict 8, camouflage 1, gelatinous
body 1
a: no special abilities


You were on level 3 of the Dungeon.
You were not hungry.

You visited 1 branch of the dungeon, and saw 3 of its levels.

You collected 14 gold pieces.

Inventory:

Scrolls
 e - a scroll of identify {unknown}
Books
 a - a book of Necromancy

   Spells                             Type                      Level
   a - Pain                           Necromancy                   1
   b - Animate Skeleton               Necromancy                   1
   c - Vampiric Draining              Necromancy                   3
   d - Regeneration                   Charms/Necromancy            3
   e - Animate Dead                   Necromancy                   4
   f - Control Undead                 Necromancy                   4
Comestibles
 b - a bread ration
 f - a beef jerky
 h - 2 chunks of flesh
 i - 4 fruits


   Skills:
 - Level 2.0 Dodging
 - Level 2.6 Stealth
 + Level 1.5 Unarmed Combat
 - Level 2.0 Spellcasting
 - Level 4.0 Necromancy


You had 4 spell levels left.
You knew the following spells:

 Your Spells              Type           Power        Failure   Level  Hunger
a - Pain                  Necr           ##..         4%          1    #......


Dungeon Overview and Level Annotations

Branches:
Dungeon (3/15)

Altars:
Xom

Annotations:
D:3 Terence


Innate Abilities, Weirdness & Mutations

You cannot wear most types of armour.
You are amphibious.
You can wear up to eight rings at the same time.
You can use your tentacles to constrict eight enemies at once.
Your skin changes colour to match your surroundings (Stealth).
Your rubbery body absorbs attacks (AC +1).


Message History

An orc comes into view. It is wielding a whip.
The orc shouts!
You tentacle-slap Terence but do no damage.
Terence is lightly wounded.
You constrict Terence, but do no damage.
Terence hits you with a flail.
You tentacle-slap Terence but do no damage.
You squeeze Terence.
Terence is lightly wounded.
You constrict Terence. Terence closely misses you.
You tentacle-slap Terence. You squeeze Terence.
Terence is severely wounded.
You constrict Terence, but do no damage.
Terence hits you with a flail.
* * * LOW HITPOINT WARNING * * *
You tentacle-slap Terence but do no damage.
Terence is severely wounded.
You constrict Terence, but do no damage.
Terence hits you with a flail.
You die...

## # ..# #. .$
#..## #.# .#
#..... ..#.###
#....#####.......
#....So@@..#
#.####o###### #.#
#.# ###.#
##...#########
#.P.......P..#
#.....≈≈♣.P..#
#...≈≈≈≈≈≈.P.#


You could see an orc warrior, Terence, an orc and a ball python.

Vanquished Creatures
  A giant gecko (D:3)
  A ball python (D:2)
  2 bats
  A goblin (D:1)
5 creatures vanquished.

Notes
Turn   | Place    | Note
--------------------------------------------------------------
     0 | D:1      | M4edhros the Octopode Necromancer began the quest for the Orb.
     0 | D:1      | Reached XP level 1. HP: 11/11 MP: 3/3
    55 | D:2      | Found a shimmering altar of Xom.
    58 | D:2      | Reached skill level 1 in Unarmed Combat
   121 | D:3      | Reached XP level 2. HP: 2/17 MP: 1/5
   146 | D:3      | Noticed Terence
   152 | D:3      | Noticed an orc warrior
   163 | D:3      | Slain by Terence

Vault maps used:
D:1:      evilmike_arrival_crescent
D:2:      lemuel_coloured_pillars_altar, overflow_temple_1_default
D:3:      old_standard_altar, portal_sewer_entry_d, guppyfry_early_lair_pool,
          uniq_terence

Skill      XL: |  1 |
---------------+----+-----
Unarmed Combat | 1 |  1.5
Dodging        | |  2.0
Stealth        | |  2.6
Spellcasting   | |  2.0
Necromancy     | |  4.0

Action                   || total
-------------------------++-------
Melee: Unarmed           ||    16
       Constrict         ||     3
       Tentacles         ||     4
 Cast: Pain              ||     7
  Use: Potion            ||     3
Armor: Skin              ||     5
Dodge: Dodged            ||    16
